 Seeded DCSS version 0.31-a0-187-gba352fbbf7 (webtiles) character file.

Game seed: 8983908458098333691 (custom seed)

37 innerfire43 the Trooper (level 3, -2/29 HPs)
             Began as a Demonspawn Monk on June 22, 2023.
             Slain by a black bear (4 damage)
             ... on level 2 of the Dungeon.
             The game lasted 00:02:01 (1341 turns).

innerfire43 the Trooper (Demonspawn Monk)           Turns: 1341, Time: 00:02:01

Health: -2/29      AC:  5    Str: 13    XL:     3   Next: 23%
Magic:  3/3        EV:  6    Int: 11    God:
Gold:   23         SH: 11    Dex: 15    Spells: 2/2 levels left

rFire   . . .        j - +4 whip (freeze)
rCold   . . .        k - +0 tower shield
rNeg    . . .        o - +0 ring mail
rPois   .            (no helmet)
rElec   .            (no cloak)
rCorr   +            (no gloves)
SInv    .            (no boots)
Will    +....        (no amulet)
Stlth   +            e - ring of resist corrosion
HPRegen 0.24/turn    f - ring of willpower
MPRegen 0.08/turn

%: no passive effects
@: no status effects
A: demonic guardian 2
a: no special abilities


You were on level 2 of the Dungeon.
You visited 1 branch of the dungeon, and saw 2 of its levels.

You collected 72 gold pieces.
You spent 49 gold pieces at shops.

Inventory:

Hand Weapons
 a - a +0 mace
 j - a +4 whip of freezing (weapon)
Armour
 b - a +0 robe
 d - an orb of light
 k - a +0 tower shield (worn)
 o - a +0 ring mail (worn)
Jewellery
 e - a ring of resist corrosion (left hand)
 f - a ring of willpower (right hand)
 l - an amulet of faith
Scrolls
 i - a scroll of amnesia {unknown}
 n - a scroll of enchant weapon {unknown}
 p - 2 scrolls of teleportation {unknown}
 q - a scroll of immolation {unknown}
Potions
 c - a potion of ambrosia
 g - a potion of brilliance {unknown}
 h - a potion of curing {unknown}
 m - a potion of might {unknown}


   Skills:
 - Level 3.2 Fighting
 * Level 3.2 Maces & Flails
 - Level 3.1 Dodging
 * Level 0.7 Shields


You had 2 spell levels left.
You didn't know any spells.
Your spell library contained the following spells:

 Spells                   Type           Power      Damage    Failure   Level
 Cause Fear               Hex            0%         N/A       100%        4
 Dragon Form              Tmut           0%         N/A       100%        7
 Dragon's Call            Summ           0%         N/A       100%        9


Dungeon Overview and Level Annotations

Branches:
Dungeon (2/15)

Altars:

Shops:
D:1 [


Innate Abilities, Weirdness & Mutations

A demonic guardian rushes to your aid.


Message History

No target in view!
No target in view!
q - a scroll labelled TOCWYU BIVOPHI A black bear comes into view.
The black bear growls angrily.
You start putting on your amulet.
You continue putting on your amulet of faith. x2
The black bear bites you but does no damage.
Keep equipping yourself? [Y]es or [N]o only, please.
Keep equipping yourself? [Y]es or [N]o only, please.
Keep equipping yourself?
You stop putting on your amulet.
You block the black bear's attack.
The black bear claws you but does no damage.
You barely miss the black bear. The black bear barely misses you.
The black bear claws you but does no damage. x2
The black bear bites you. The black bear claws you.
A demonic guardian appears!
The black bear claws you.
You hit the black bear. You freeze the black bear.
The black bear is moderately wounded.
The black bear bites you. The black bear claws you.
The black bear claws you but does no damage.
You hit the black bear. You freeze the black bear.
The black bear is moderately wounded.
The black bear bites you. You block the black bear's attack.
The black bear claws you.
You hit the black bear. You freeze the black bear.
The black bear is heavily wounded.
The black bear bites you!
* * * LOW HITPOINT WARNING * * *
The black bear claws you but does no damage.
The black bear claws you.
* * * LOW HITPOINT WARNING * * *
You block the black bear's attack. The black bear closely misses you.
The black bear claws you.
* * * LOW HITPOINT WARNING * * *
The black bear attacks as you move away!
The black bear bites you.
You die...

##########
......h@4#
########.#
#.# #.#
#.# #.#
#.#
#.#######
#.#.....#


You could see a black bear (ally target) and a friendly rust devil (summoned).

Vanquished Creatures
  A dart slug (D:1)
  3 endoplasms (D:1)
  4 goblins (D:1)
  A hobgoblin (D:2)
  7 jackals
  3 kobolds (D:1)
  2 quokkas
  2 ball pythons (D:1)
  A bat (D:2)
  2 rats (D:1)
26 creatures vanquished.

Vanquished Creatures (collateral kills)
  3 jackals (D:1)
3 creatures vanquished.

Grand Total: 29 creatures vanquished

Notes
Turn   | Place    | Note
-------+----------+-------------------------------------------
     0 | D:1      | innerfire43 the Demonspawn Monk began the quest for the
                  | Orb.
     0 | D:1      | Reached XP level 1. HP: 18/18 MP: 1/1
   272 | D:1      | Gained mutation: A weak demonic guardian rushes to your
                  | aid. [demonic ancestry]
   272 | D:1      | Reached XP level 2. HP: 18/24 MP: 2/2
   404 | D:1      | Found Emicucw's Armour Shop.
   416 | D:1      | Bought a +0 tower shield for 49 gold pieces
  1051 | D:1      | Gained mutation: A demonic guardian rushes to your aid.
                  | [demonic ancestry]
  1051 | D:1      | Reached XP level 3. HP: 27/29 MP: 3/3
  1333 | D:2      | Noticed a black bear
  1341 | D:2      | Slain by a black bear

Illustrated notes

Levels and vault maps discovered:
D:1:      minmay_arrival_jagged, layout_loops_corners, serial_shops, shop,
          minmay_pentomino_p4
D:2:      layout_loops_ring, serial_shops, shop, uniq_robin

Skill      XL: |  1  2 |
---------------+-------+-----
Maces & Flails | 3 |  3.2
Dodging        | 3 |  3.1
Fighting       | |  3.2
Shields        | |  0.7

Action                     || total
---------------------------++-------
  Melee: Mace              ||    62
         Whip              ||    28
 Armour: Robe              ||    13
         Ring mail         ||    13
  Dodge: Dodged            ||    48
  Block: Tower shield      ||    41

Table legend: (Time is in decaauts)
 A = Elapsed time spent in this place.
 B = Non-inter-level travel time spent in this place.
 C = Inter-level travel time spent in this place.
 D = Time resting spent in this place.
 E = Time spent auto-exploring this place.
 F = Levels seen in this place.
 G = Mean time per level.
                   A        B        C        D        E       F      G
               +--------+--------+--------+--------+--------+-----+--------+
         Total |   1381 |   1381 |      0 |      0 |   1083 |   2 |  690.5 |
       Dungeon |   1381 |   1381 |      0 |      0 |   1083 |   2 |  690.5 |
               +--------+--------+--------+--------+--------+-----+--------+

Top non-repeatable levels by time:
     D:1: 1249 daAuts
     D:2: 131 daAuts
